 Dungeon Crawl Stone Soup version 0.28-a0-1447-ga5a8893891 (webtiles) character file.

Game seed: 18190536050823441578

32 knot the Chopper (level 3, 25/29 HPs)
             Began as a Demonspawn Berserker on Jan 12, 2022.
             Was a Follower of Trog.
             Quit the game on level 2 of the Dungeon.
             The game lasted 00:01:23 (1107 turns).

knot the Chopper (Demonspawn Berserker)             Turns: 1107, Time: 00:01:24

Health: 25/29      AC:  5    Str: 17    XL:     3   Next: 10%
Magic:  3/3        EV: 11    Int: 10    God:    Trog [*.....]
Gold:   70         SH:  0    Dex: 12    Spells: 2/2 levels left

rFire   . . .      SeeInvis .   e - +1 whip (elec)
rCold   . . .      Faith    .   (no shield)
rNeg    . . .      Spirit   .   f - +0 ring mail
rPois   .          Reflect  .   (no helmet)
rElec   .          Harm     .   (no cloak)
rCorr   .          Rampage  .   (no gloves)
Will    .....                   (no boots)
Stlth   +.........              (no amulet)
HPRegen 0.09/turn               (no ring)
MPRegen 0.08/turn               (no ring)

@: no status effects
A: spiny 1, weakness stinger 1
a: Renounce Religion, Berserk


You were on level 2 of the Dungeon.
You worshipped Trog.
Trog was aware of your devotion.
You visited 1 branch of the dungeon, and saw 2 of its levels.

You collected 70 gold pieces.

Inventory:

Hand Weapons
 a - a +0 hand axe
 e - a +1 whip of electrocution (weapon)
Missiles
 c - 24 stones (quivered)
Armour
 f - a +0 ring mail (worn)
Jewellery
 g - a ring of see invisible
Scrolls
 b - a scroll of blinking {unknown}
 h - a scroll of fog {unknown}
Potions
 d - a potion of heal wounds {unknown}


   Skills:
 - Level 3.0 Fighting
 * Level 3.7 Axes
 * Level 0.9 Throwing
 - Level 1.7 Armour
 - Level 1.7 Dodging


You had 2 spell levels left.
You didn't know any spells.
Your spell library contained the following spells:

 Spells                   Type           Power      Damage    Failure   Level
 Corpse Rot               Necr/Air       0%         N/A       71%         2
 Dispel Undead            Necr           0%         3d6       100%        4
 Death Channel            Necr           0%         N/A       100%        6


Dungeon Overview and Level Annotations

Branches:
Dungeon (2/15)

Altars:


Innate Abilities, Weirdness & Mutations

You are partially covered in sharp spines.
You have a small tail.


Message History

You open the door.
There is an open door here.
You see here a +0 chain mail.
Key pressed, stopping explore.
Done exploring.
Done exploring.
Done exploring.
(D) Dungeon
Where to? (Enter - D:1 @ (x,y), ? - help)
Things that are here:
a +0 club; a goblin skeleton
There is a stone staircase leading down here.
You climb downwards.
There is a stone staircase leading up here.
You now have 61 gold pieces (gained 9).
You now have 70 gold pieces (gained 9).
A giant cockroach comes into view.
A giant cockroach is nearby!
A giant cockroach is nearby!
You hit the giant cockroach.
You kill the giant cockroach!
Trog accepts your kill.
No target in view!
No target in view!
h - a scroll labelled HAECLO AZXOHEZ An adder comes into view.
The adder hisses angrily.
An adder is nearby!
You closely miss the adder. The adder barely misses you. The adder bites you.
You barely miss the adder. The adder bites you.
You closely miss the adder. The adder barely misses you.
You hit the adder. Lightning courses through the adder!!
You kill the adder!
Trog accepts your kill.
You have reached level 3!
Your experience leads to an increase in your attributes!
Increase (S)trength, (I)ntelligence, or (D)exterity?
You feel clever. x2; Your demonic ancestry asserts itself...
Sharp spines emerge from parts of your body.
Are you sure you want to abandon this character and quit the game? (Confirm with "yes".)

.....#..#... #.# ...
#.#.###...<. #.# #.# #
##.#.##.#. #.# #.# #.
#......#. #.# #.#
#.#.#.###.#. #.# #.#
..###....#. ######.# #.#
###.#.#####.
##......###†####...######.
.........@................
##.#############.######.##
#.# #.# #.# #.# ... #..


There were no monsters in sight!

Vanquished Creatures
  An adder (D:2)
  A dart slug (D:1)
  2 ball pythons (D:1)
  2 bats (D:1)
  2 giant cockroaches
  2 goblins (D:1)
  A hobgoblin (D:1)
  5 jackals (D:1)
  2 kobolds (D:1)
  A rat (D:1)
19 creatures vanquished.

Notes
Turn   | Place    | Note
-------+----------+-------------------------------------------
     0 | D:1      | knot the Demonspawn Berserker began the quest for the Orb.
     0 | D:1      | Reached XP level 1. HP: 18/18 MP: 1/1
   164 | D:1      | Gained mutation: You have a small tail. [demonic ancestry]
   164 | D:1      | Reached XP level 2. HP: 5/24 MP: 2/2
   700 | D:1      | Found a faded altar of an unknown god.
  1107 | D:2      | Gained mutation: You are partially covered in sharp spines.
                  | [demonic ancestry]
  1107 | D:2      | Reached XP level 3. HP: 25/29 MP: 3/3
  1107 | D:2      | Quit the game

Illustrated notes

Levels and vault maps discovered:
D:1:      ncdulo_wetmaze, layout_basic, hellmonk_ecumenical_altar_leap_of_faith
D:2:      minmay_roachtagon, layout_loops_ring

Skill      XL: |  1 |
---------------+----+-----
Axes           | 3 |  3.7
Fighting       | |  3.0
Throwing       | |  0.9
Armour         | |  1.7
Dodging        | |  1.7

Action                   || total
-------------------------++-------
Melee: Whip              ||    48
       Hand axe          ||     2
       Tailslap          ||     1
Throw: Stone             ||     1
Armor: Animal skin       ||     5
       Ring mail         ||     7
Dodge: Dodged            ||    45

Table legend: (Time is in decaauts)
 A = Elapsed time spent in this place.
 B = Non-inter-level travel time spent in this place.
 C = Inter-level travel time spent in this place.
 D = Time resting spent in this place.
 E = Time spent auto-exploring this place.
 F = Levels seen in this place.
 G = Mean time per level.
                   A        B        C        D        E       F      G
               +--------+--------+--------+--------+--------+-----+--------+
         Total |   1114 |   1077 |     37 |    360 |    565 |   2 |  557.0 |
       Dungeon |   1114 |   1077 |     37 |    360 |    565 |   2 |  557.0 |
               +--------+--------+--------+--------+--------+-----+--------+

Top non-repeatable levels by time:
     D:1: 1069 daAuts
     D:2: 45 daAuts
